 Dungeon Crawl Stone Soup version 0.30.1-9-gdf580d7c3d (webtiles) character file.

Game seed: 12651138332338328313

39 lonewolfV2 the Shield-Bearer (level 3, -1/30 HPs)
             Began as a Formicid Fighter on Oct 21, 2023.
             Killed by divine providence
             ... invoked by an orc priest
              (11 damage)
             ... on level 2 of the Dungeon.
             The game lasted 00:01:40 (649 turns).

lonewolfV2 the Shield-Bearer (Formicid Fighter)      Turns: 649, Time: 00:01:40

Health: -1/30      AC: 16    Str: 22    XL:     3   Next: 67%
Magic:  3/3        EV:  8    Int:  7    God:
Gold:   28         SH:  0    Dex: 13    Spells: 2/2 levels left

rFire   . . .        a - +0 war axe (protect)
rCold   . . .        c - +0 buckler
rNeg    . . .        o - +0 chain mail
rPois   .            (helmet unavailable)
rElec   .            (no cloak)
rCorr   +            (no gloves)
SInv    +            (no boots)
Will    .....        (no amulet) Stlth
                     i - ring of resist corrosion
HPRegen 0.25/turn    (no ring)
MPRegen 0.08/turn

%: no passive effects
@: confused, under a protective aura
A: permanent stasis, dig shafts and tunnels, antennae 3, four strong arms
a: Dig, Shaft Self


You were on level 2 of the Dungeon.
You visited 1 branch of the dungeon, and saw 2 of its levels.

You collected 28 gold pieces.

Inventory:

Hand Weapons
 a - a +0 war axe of protection (weapon)
Armour
 b - a +0 scale mail
 c - a +0 buckler (worn)
 o - a +0 chain mail (worn)
Jewellery
 i - a ring of resist corrosion (left hand)
Scrolls
 e - 2 scrolls of immolation
Potions
 d - 2 potions of might
 f - a potion of invisibility
 g - a potion of heal wounds
 k - a potion of flight
 l - a potion of cancellation {unknown}
 n - 2 potions of curing {unknown}


   Skills:
 + Level 3.9 Fighting
 - Level 2.0 Axes
 + Level 3.8 Armour
 + Level 4.7 Shields


You had 2 spell levels left.
You didn't know any spells.
Your spell library was empty.

Dungeon Overview and Level Annotations

Branches:
Dungeon (2/15)

Altars:


Innate Abilities, Weirdness & Mutations

You cannot be hasted, slowed, berserked, paralysed or teleported.
You can dig through walls and to a lower floor.
You have a pair of large antennae on your head. (SInv)
Your four strong arms can wield two-handed weapons with a shield.


Message History

You closely miss the orc. You hit the endoplasm.
An orc priest comes into view. It is wielding a +0 club.
The endoplasm freezes you.
You are frozen.
The orc hits you with a +0 hand axe. The endoplasm freezes you.
You are frozen.
The orc hits you but does no damage.
You closely miss the orc. You barely miss the endoplasm.
An orc priest comes into view. It is wielding a +0 trident.
The endoplasm freezes you.
You are frozen.
You block the orc's attack.
Unknown command.
You slash the orc!
You kill the orc!
You barely miss the endoplasm. The endoplasm freezes you.
You are frozen.
The orc wizard hits you with a +0 dagger.
The endoplasm freezes you.
You are frozen.
* * * LOW HITPOINT WARNING * * *
You barely miss the orc wizard. You hit the endoplasm.
You kill the endoplasm!
The orc wizard casts a spell at you.
You are confused.
The hobgoblin hits you but does no damage.
A kobold comes into view. It is wielding a +0 short sword.
The kobold shouts!
The hobgoblin closely misses you.
You hit the hobgoblin.
The hobgoblin is heavily wounded.
You miss the orc wizard.
The hobgoblin hits you but does no damage.
The orc wizard hits you but does no damage.
The orc priest miscasts a cantrip.
You hit the hobgoblin.
You kill the hobgoblin!
You miss the orc wizard.
The orc priest mumbles some strange prayers to Beogh against you.
Beogh smites you!
You die...

. #.......# #.
#.......# .## #.......#
..##.......#
..#........ #o#........
############o#K.$.....
#...........o†........
#.....##..##.@........
##.#..#.#..##..........
#..............#....##.
#.........#......##..#
#...........#..### #..#
#......._..#...# #.#
#..#......#....# ..
#...)....#..#..#
#.........†....#


You could see 2 orc priests, an orc wizard and a kobold.

Vanquished Creatures
  An adder (D:2)
  A worm (D:2)
  A dart slug (D:1)
  2 orcs (D:2)
  2 ball pythons (D:1)
  2 endoplasms
  A giant cockroach (D:2)
  2 hobgoblins
  2 kobolds (D:2)
  3 quokkas (D:1)
  2 bats (D:1)
  2 goblins (D:1)
  2 rats (D:1)
23 creatures vanquished.

Notes
Turn   | Place    | Note
-------+----------+-------------------------------------------
     0 | D:1      | lonewolfV2 the Formicid Fighter began the quest for the
                  | Orb.
     0 | D:1      | Reached XP level 1. HP: 18/18 MP: 1/1
   116 | D:1      | Reached XP level 2. HP: 23/24 MP: 2/2
   553 | D:2      | Found a faded altar of an unknown god.
   567 | D:2      | Reached XP level 3. HP: 30/30 MP: 3/3
   649 | D:2      | Killed from afar by an orc priest

Illustrated notes

Levels and vault maps discovered:
D:1:      eino_arrival_water_star, layout_basic, minivault_11, st_stairs_2
D:2:      layout_basic, hellmonk_ecumenical_altar_blasted

Action                     || total
---------------------------++-------
  Melee: War axe           ||    62
    Use: Scroll            ||     8
 Armour: Scale mail        ||    12
         Chain mail        ||    21
  Dodge: Dodged            ||    24
  Block: Buckler           ||    18
